cohdb
Replays
Latest Replays
All Replays
Popular Replays
Top Player Replays
Match Explorer
How It Works
Community
CoH3 Stats
Reddit
Sign in to upload your games and track your stats! →
Sign in with Steam
Match 46074271
Unlisted
Match 46074271
Overview
Messages
Build Orders
End
Panzergrenadier Squad
250 Light Carrier
Construct Light Support Kompanie
Selects Panzerjäger Kommand Battlegroup
Panzergrenadier Squad
Selects GrB 39 Grenade Launcher Requisition
Combat Half-tracks
250 Light Carrier
Selects Mine Fields
Selects Blockade Equipment
Assault Mechanized Group
Fire Support Elements
2.5-tonne Medical Truck
Selects Crew Shock Tactics
Flakvierling Half-track
250 Light Carrier
250 Light Carrier
Vehicle Survival Package
Pak 38 Mechanized Group
Construct Mechanized Kompanie
Pak 38 Anti-tank Gun Team
Pak 38 Anti-tank Gun Team
Humongous
RhumsteaK
King Raptor
Electrobolt
MetelStairs
DeadLogic
Wint
Maknil
0
0
Comments
sign in to comment!
No comments posted yet!